Map: Romanticide LE

Players

GunGFuBanDa

  • Race: Protoss Protoss

Spirit (souL) - Winner!

  • Race: Terran Terran

Event: DreamHack SC2 Masters 2021 Winter

VOD

Have the link to the VOD?

Description

Time

  • Played on: Oct. 1, 2021, 11:49 a.m.
  • Length: 11:13

All games in this series

Show
View Real Time Build Order
Export as new Build Order

GunGFuBanDa Protoss 

Build Orders: Blink Stalkers 

Get SALT Encoding   

  12  0:00  Probe  
  13  0:12  Probe  
  14  0:18  Pylon  
  14  0:24  Probe (Chrono Boost)  
  15  0:37  Gateway, Probe (Chrono Boost)  
  16  0:43  Probe (Chrono Boost)  
  16  0:46  Assimilator  
  17  0:52  Probe  
  18  1:04  Probe  
  19  1:16  Probe  
  19  1:17  Pylon  
  20  1:25  Cybernetics Core  
  20  1:28  Probe (Chrono Boost)  
  24  1:40  Probe (Chrono Boost)  
  24  1:51  Probe  
  23  2:01  Nexus  
  23  2:02  Adept (Chrono Boost)  
  23  2:08  Warp Gate  
  25  2:11  Probe  
  26  2:16  Assimilator  
  26  2:23  Probe  
  26  2:26  Pylon  
  27  2:33  Stalker  
  27  2:36  Probe  
  30  2:48  Probe  
  31  2:57  Twilight Council  
  31  3:00  Probe  
  32  3:06  Stalker  
  35  3:13  Probe (Chrono Boost)  
  35  3:14  Probe (Chrono Boost)  
  35  3:15  Shield Battery  
  36  3:25  Probe (Chrono Boost)  
  36  3:26  Probe (Chrono Boost)  
  38  3:32  Probe x2 (Chrono Boost)  
  38  3:33  Gateway, Blink (Chrono Boost)  
  40  3:39  Probe x2  
  42  3:45  Assimilator  
  42  3:51  Robotics Facility  
  42  4:01  Stalker, Probe  
  45  4:04  Probe  
  46  4:13  Probe  
  46  4:16  Probe  
  48  4:18  Pylon  
  48  4:24  Nexus  
  48  4:25  Probe  
  48  4:30  Probe, Pylon  
  50  4:34  Stalker  
  50  4:37  Probe  
  54  4:38  Observer  
  54  4:40  Stalker  
  56  4:59  Stalker  
  56  5:01  Observer  
  56  5:07  Probe  
  57  5:15  Probe  
  57  5:19  Probe (Chrono Boost)  
  59  5:24  Observer  
  59  5:25  Stalker  
  59  5:26  Stalker  
  65  5:31  Probe (Chrono Boost)  
  65  5:33  Probe (Chrono Boost)  
  64  5:38  Probe (Chrono Boost)  
  64  5:39  Probe (Chrono Boost)  
  64  5:40  Probe (Chrono Boost)  
  64  5:41  Robotics Bay  
  64  5:42  Forge  
  62  5:51  Probe (Chrono Boost)  
  62  5:52  Probe (Chrono Boost)  
  62  5:53  Probe (Chrono Boost)  
  63  6:04  Probe x2 (Chrono Boost)  
  66  6:07  Probe (Chrono Boost)  
  68  6:12  Probe (Chrono Boost)  
  68  6:14  Probe (Chrono Boost)  
  68  6:16  Probe (Chrono Boost), Protoss Ground Weapons Level 1  
  68  6:17  Probe (Chrono Boost)  
  67  6:19  Stalker x2  
  67  6:20  Probe (Chrono Boost)  
  73  6:26  Probe (Chrono Boost)  
  75  6:33  Probe x2 (Chrono Boost)  
  75  6:35  Photon Cannon  
  75  6:37  Probe (Chrono Boost)  
  78  6:40  Probe (Chrono Boost)  
  78  6:42  Probe x2 (Chrono Boost)  
  78  6:43  Colossus (Chrono Boost)  
  78  6:44  Pylon  
  78  6:45  Pylon  
  85  6:51  Photon Cannon  
  85  6:54  Charge (Chrono Boost)  
  85  6:56  Gateway  
  85  7:01  Gateway  
  85  7:02  Probe x2  
  85  7:04  Pylon  
  87  7:09  Assimilator  
  87  7:11  Pylon  
  87  7:13  Photon Cannon  
  87  7:16  Extended Thermal Lance  
  87  7:21  Pylon  
  87  7:22  Gateway  
  87  7:24  Gateway  
  87  7:27  Gateway  
  85  7:39  Colossus (Chrono Boost)  
  91  7:46  Shield Battery  
  91  7:48  Pylon  
  91  7:51  Sentry, Pylon  
  91  7:52  Zealot x2  
  91  7:54  Assimilator  
  97  7:59  Probe x2  
  99  8:11  Pylon  
  97  8:16  Shield Battery  
  97  8:22  Stalker x3  
  97  8:23  Observer  
  97  8:25  Probe  
  97  8:26  Colossus (Chrono Boost)  
  104  8:30  Probe  
  104  8:31  Protoss Ground Armor Level 1 (Chrono Boost)  
  104  8:33  Forge  
  111  8:35  Probe  
  111  8:38  Probe, Pylon  
  113  8:49  Probe  
  113  8:50  Probe  
  113  8:53  Assimilator  
  115  8:56  Probe  
  115  8:58  Zealot x2, Shield Battery  
  115  8:59  Stalker x3, Zealot, Sentry  
  115  9:01  Probe  
  131  9:13  Warp Prism  
  132  9:17  Templar Archives  
  132  9:18  Pylon  
  131  9:24  Probe  
  132  9:34  Pylon  
  132  9:37  Nexus  
  132  9:47  Immortal (Chrono Boost)  
  132  9:49  Probe x2  
  132  9:50  Pylon  
  138  9:59  Zealot x7  
  152  10:01  Pylon  
  140  10:13  Probe  
  137  10:14  Probe x2  
  137  10:17  Immortal (Chrono Boost), Robotics Facility  
  137  10:21  Zealot x4, High Templar x2  
  149  10:25  Probe, Archon  
  149  10:26  Probe  
  157  10:32  Probe  
  157  10:34  Shield Battery  
  155  10:43  High Templar x4  
  155  10:44  Zealot  
  155  10:47  Probe (Chrono Boost)  
  159  10:52  Assimilator  
  159  10:53  Archon, Probe (Chrono Boost)  
  159  10:54  Archon  
  159  10:55  Shield Battery  
  159  10:56  Probe (Chrono Boost)  
  150  10:57  Probe (Chrono Boost)  
Show
View Real Time Build Order
Export as new Build Order

Spirit Terran - Winner!

Build Orders:  

Get SALT Encoding   

  12  0:00  SCV  
  13  0:12  SCV  
  14  0:17  Supply Depot  
  14  0:24  SCV  
  15  0:38  SCV  
  15  0:41  Barracks  
  16  0:50  SCV  
  16  0:52  Refinery  
  17  1:03  SCV  
  18  1:07  Engineering Bay  
  18  1:15  SCV  
  19  1:28  Marine, Orbital Command  
  20  1:46  Barracks Reactor  
  20  1:53  SCV  
  21  2:00  Command Center  
  21  2:02  Supply Depot  
  21  2:06  SCV  
  22  2:14  Factory  
  22  2:22  SCV  
  23  2:23  Marine x2  
  25  2:34  SCV, Refinery  
  26  2:41  Marine x2  
  28  2:46  SCV  
  29  2:59  Starport  
  29  3:02  SCV  
  30  3:12  Hellion x2  
  33  3:13  Orbital Command  
  33  3:18  SCV  
  34  3:30  Supply Depot, SCV  
  34  3:33  Widow Mine x2  
  39  3:36  Medivac  
  42  3:43  Armory  
  42  3:45  SCV x2  
  43  3:55  Widow Mine x2  
  45  4:00  SCV  
  44  4:03  SCV  
  44  4:08  Supply Depot  
  45  4:10  Bunker  
  45  4:12  SCV  
  45  4:15  Medivac, SCV  
  46  4:18  Widow Mine x2  
  46  4:19  Marine  
  51  4:25  SCV  
  51  4:27  Supply Depot, SCV  
  52  4:32  Supply Depot  
  52  4:37  SCV  
  53  4:39  SCV  
  53  4:40  Widow Mine  
  53  4:45  Widow Mine  
  58  4:49  Barracks Tech Lab  
  58  4:50  SCV  
  59  4:56  SCV  
  60  5:02  SCV  
  60  5:03  Command Center  
  61  5:08  SCV  
  61  5:13  Barracks  
  62  5:14  SCV  
  62  5:15  Supply Depot  
  62  5:16  Bunker  
  62  5:18  Siege Tank, Marine  
  62  5:20  Marine  
  64  5:22  Starport Tech Lab  
  64  5:31  Refinery x2  
  64  5:36  SCV, Marine  
  64  5:38  Marine  
  64  5:39  Barracks  
  64  5:42  SCV  
  64  5:48  SCV  
  61  5:54  SCV, Siege Tank, Marine  
  61  5:56  Marine  
  67  6:00  Supply Depot, SCV  
  68  6:06  SCV, Barracks Tech Lab, Engineering Bay  
  68  6:08  Engineering Bay  
  69  6:12  SCV, Marine  
  69  6:14  Marine  
  69  6:18  SCV, Raven, Orbital Command  
  71  6:25  SCV  
  74  6:29  Marauder, Stimpack, Marine  
  74  6:30  SCV  
  74  6:31  Marine  
  74  6:32  Siege Tank  
  80  6:33  Barracks Tech Lab  
  80  6:40  Barracks  
  80  6:47  Marine  
  80  6:48  Terran Infantry Weapons Level 1  
  80  6:49  SCV, Marine  
  80  6:52  SCV, Barracks  
  84  6:57  Terran Infantry Armor Level 1  
  84  6:59  Marauder  
  86  7:07  Marauder, Supply Depot, Marine  
  89  7:09  SCV x2  
  89  7:12  Marine, Orbital Command  
  92  7:18  Starport Reactor  
  92  7:20  Combat Shield  
  92  7:21  Marauder, Missile Turret  
  94  7:22  Missile Turret  
  94  7:23  SCV  
  94  7:25  Marine  
  94  7:29  Marauder  
  98  7:30  SCV  
  98  7:34  Barracks Reactor  
  98  7:38  SCV x2  
  98  7:43  Marauder, Barracks Tech Lab, Marine  
  103  7:48  Supply Depot, SCV, Bunker  
  103  7:50  Supply Depot, SCV, Siege Tank  
  103  7:51  Refinery x2  
  108  7:54  Terran Vehicle Weapons Level 1, Marine  
  108  7:55  Marauder  
  108  7:56  SCV  
  112  8:02  SCV  
  112  8:04  Marauder, Marine  
  112  8:05  Supply Depot  
  116  8:08  Concussive Shells  
  116  8:10  Marauder, Marine  
  116  8:11  SCV  
  120  8:14  Marine  
  120  8:15  SCV  
  120  8:16  Marauder  
  120  8:19  Marine  
  124  8:21  Command Center  
  124  8:23  SCV x2  
  124  8:25  Marauder  
  129  8:28  Ghost Academy  
  129  8:30  SCV  
  129  8:31  Supply Depot, Bunker  
  129  8:32  Marauder  
  132  8:35  Supply Depot, Siege Tank  
  132  8:36  Supply Depot  
  132  8:37  Marauder  
  132  8:39  Medivac x2  
  141  8:46  Terran Infantry Weapons Level 2  
  141  8:53  Marauder, Supply Depot, Marine x4  
  147  8:55  Supply Depot  
  147  9:00  Supply Depot, Missile Turret  
  147  9:03  Marine  
  147  9:04  Marauder  
  150  9:10  Marine  
  150  9:11  Medivac  
  150  9:15  Marauder  
  155  9:22  Marauder  
  157  9:24  Ghost  
  157  9:25  Barracks  
  157  9:27  Barracks x2  
  157  9:28  SCV x3  
  161  9:32  Viking  
  161  9:40  SCV x2  
  161  9:43  Marauder, Sensor Tower, Marine  
  166  9:48  Medivac  
  166  9:50  SCV  
  170  9:52  SCV  
  170  9:53  SCV  
  170  9:54  Marine  
  170  9:55  Marauder  
  170  9:58  Planetary Fortress  
  162  10:08  Ghost  
  162  10:12  Marine  
  162  10:13  Marauder, Refinery x2  
  162  10:16  Marauder, Marine  
  165  10:23  Viking x2  
  165  10:28  Marine  
  169  10:29  Marine  
  169  10:30  Command Center  
  169  10:33  Marine  
  169  10:34  Marauder  
  169  10:35  Marine  
  169  10:37  Marine  
  169  10:38  Marauder  
  173  10:46  Marine  
  173  10:47  Marine  
  171  10:51  Marine  
  171  10:53  Marine  
  169  11:08  Barracks Tech Lab x3  

Tags
 
Add a new tag
Caveats
  • Supply blocks, unpowered buildings, or Contaminate may cause inaccurate times.
  • Supply counts are checked every 10 seconds.